Map: Simulacrum LE

Players

Prasertwit (StriKE)

  • Race: Terran Terran
  • Spawn Location: 11:00

Khun (Ranger) - Winner!

  • Race: Protoss Protoss
  • Spawn Location: 5:00

Event: SEA Games 2019

VOD

https://youtu.be/3BC_E9aDXwg

Description

Time

  • Played on: Dec. 5, 2019, 9:20 p.m.
  • Length: 5:32

All games in this series

Show
View Real Time Build Order
Export as new Build Order

Prasertwit Terran 

Build Orders: Reaper Expand 

Get SALT Encoding   

  12  0:00  SCV  
  13  0:12  SCV  
  14  0:17  Supply Depot  
  14  0:24  SCV  
  15  0:38  SCV  
  15  0:40  Barracks  
  16  0:44  Refinery  
  16  0:50  SCV  
  17  1:03  SCV  
  18  1:15  SCV  
  19  1:28  Reaper  
  19  1:29  Orbital Command  
  20  1:45  Command Center  
  20  1:55  SCV  
  20  1:57  Supply Depot  
  20  2:00  Marine  
  22  2:08  SCV  
  23  2:11  Bunker  
  23  2:19  Barracks Reactor  
  23  2:20  SCV  
  24  2:25  Factory  
  24  2:32  SCV  
  24  2:34  Refinery  
  25  2:44  SCV  
  26  2:56  Marine x2  
  26  2:58  Orbital Command  
  28  3:04  SCV  
  29  3:09  Widow Mine  
  29  3:10  Starport  
  31  3:14  Marine x2  
  31  3:16  SCV  
  34  3:26  SCV  
  35  3:28  SCV  
  36  3:38  SCV  
  36  3:40  SCV  
  38  3:41  Marine x2  
  38  3:42  Widow Mine  
  38  3:47  Medivac, Supply Depot  
  44  3:57  SCV  
  44  3:59  SCV  
  46  4:03  Barracks x2, Factory Tech Lab  
  45  4:18  SCV x2  
  45  4:21  Marine x2  
  45  4:22  Starport Tech Lab  
  49  4:26  Refinery, Engineering Bay  
  49  4:30  SCV x2  
  51  4:31  Factory Tech Lab  
  51  4:39  Marine x2  
  51  4:42  SCV  
  51  4:45  Engineering Bay  
  49  4:51  Marine  
  49  4:52  Marine  
  48  4:57  Marine x2  
Show
View Real Time Build Order
Export as new Build Order

Khun Protoss - Winner!

Build Orders: 1 Gate Expand, Dark Templar Rush 

Get SALT Encoding   

  12  0:01  Probe  
  13  0:13  Probe  
  14  0:18  Pylon  
  14  0:25  Probe (Chrono Boost)  
  15  0:37  Probe (Chrono Boost)  
  15  0:39  Gateway  
  16  0:45  Probe (Chrono Boost)  
  16  0:46  Assimilator  
  17  0:51  Probe  
  18  1:03  Probe  
  19  1:16  Probe  
  20  1:24  Nexus  
  20  1:33  Cybernetics Core  
  20  1:39  Assimilator  
  20  1:41  Probe  
  21  1:51  Pylon  
  21  1:53  Probe  
  22  2:05  Probe  
  22  2:06  Adept (Chrono Boost)  
  23  2:13  Twilight Council  
  25  2:17  Probe  
  25  2:20  Warp Gate  
  26  2:26  Adept (Chrono Boost)  
  28  2:35  Probe (Chrono Boost)  
  28  2:36  Probe (Chrono Boost)  
  30  2:41  Pylon  
  31  2:46  Probe (Chrono Boost)  
  31  2:47  Probe (Chrono Boost)  
  32  2:54  Probe  
  32  2:56  Adept  
  34  3:00  Probe  
  35  3:06  Dark Shrine  
  35  3:08  Probe  
  37  3:12  Probe  
  37  3:19  Gateway  
  37  3:25  Gateway  
  37  3:35  Probe x2  
  37  3:40  Pylon  
  39  3:47  Pylon  
  39  3:49  Robotics Facility  
  39  3:52  Probe  
  40  3:59  Probe  
  40  4:00  Assimilator  
  41  4:04  Probe  
  42  4:17  Probe  
  42  4:18  Dark Templar x2  
  42  4:22  Dark Templar  
  50  4:24  Probe  
  50  4:27  Assimilator, Shield Battery  
  50  4:31  Probe, Shield Battery  
  51  4:37  Pylon  
  49  4:55  Dark Templar  
  49  4:56  Stalker x2  
  49  4:58  Probe x2  
  57  5:10  Probe x2  
  59  5:25  Stalker x2  
Tags
 
Add a new tag
Caveats
  • Supply blocks, unpowered buildings, or Contaminate may cause inaccurate times.
  • Supply counts are checked every 10 seconds.